 Dungeon Crawl Stone Soup version 0.31-a0-1068-g5939ac1 (webtiles) character file.

Game seed: 2833376638279602668

25551 PurpleRed the Severer (level 13, -2/109 HPs)
             Began as a Meteoran Fighter on Nov 23, 2023.
             Was a High Priest of Hepliaklqana.
             Killed from afar by an ice statue (17 damage)
             ... with a shard of ice
             ... in an ice cave.
             The game lasted 00:38:47 (5362 turns).

PurpleRed the Severer (Meteoran Fighter)            Turns: 5362, Time: 00:38:47

Health: -2/109     AC: 21    Str: 23    XL:     13   Next: 88%
Magic:  17/17      EV:  8    Int: 11    God:    Hepliaklqana [*****.]
Gold:   767        SH:  4    Dex: 13    Spells: 12/12 levels left

rFire   . . .        a - +1 war axe
rCold   . . .        c - +0 buckler
rNeg    . . .        y - +0 plate armour
rPois   .            K - +2 hat
rElec   .            R - +0 cloak {rCorr}
rCorr   +            g - +1 pair of gloves
SInv    .            k - +2 pair of boots
Will    +....        (no amulet) Stlth
                     (no ring)
HPRegen 0.38/turn    (no ring)
MPRegen 0.15/turn

%: no passive effects
@: glowing
A: reduced essence, sense surroundings 2, otherworldly, glowing, explore regen
a: Renounce Religion, Recall Ancestor, Ancestor Identity, Transference, Idealise


You were in an ice cave.
You worshipped Hepliaklqana.
Hepliaklqana was extremely pleased with you.
You visited 2 branches of the dungeon, and saw 15 of its levels.
You also visited: Ice Cave.

You collected 767 gold pieces.

Inventory:

Hand Weapons
 a - a +1 war axe (weapon)
 p - a +0 hand axe of flaming
 z - a +3 whip of electrocution
 D - the +1 sling of Responsibility {drain, MP+9}
   (You found it on level 9 of the Dungeon)

   MP+9:      It affects your magic capacity (+9).
 L - a +0 flail of protection
Missiles
 f - 2 throwing nets
 j - 9 poisoned darts
 v - 2 curare-tipped darts
Armour
 b - a +3 troll leather armour {Snorg}
 c - a +0 buckler (worn)
 g - a +1 pair of gloves (worn)
 k - a +2 pair of boots (worn)
 n - a +0 helmet
 y - a +0 plate armour (worn)
 H - a scarf of harm
 K - a +2 hat (worn)
 R - a +0 cloak of preservation (worn)
Magical Staves
 h - a staff of fire
Jewellery
 e - an amulet of faith
 J - a ring of magical power
 M - a ring of ice
Wands
 l - a wand of paralysis (9)
 u - a wand of polymorph (6)
 A - a wand of roots (5)
 C - a wand of quicksilver (1)
 G - a wand of flame (11)
 P - a wand of mindburst (5)
Scrolls
 s - 3 scrolls of immolation
 t - 3 scrolls of noise
 E - 3 scrolls of teleportation
 F - a scroll of fog
 O - a scroll of enchant weapon
 Q - a scroll of brand weapon
Potions
 d - a potion of magic
 i - 2 potions of lignification
 m - a potion of heal wounds
 o - 3 potions of brilliance
 q - 2 potions of mutation
 r - a potion of curing
 w - 2 potions of resistance
 x - 3 potions of attraction {unknown}
 B - 3 potions of enlightenment {unknown}
 I - a potion of cancellation {unknown}
 N - a potion of invisibility {unknown}
 S - a potion of berserk rage {unknown}


   Skills:
 + Level 13.5 Fighting
 * Level 19.5 Axes
 + Level 6.5 Armour
 + Level 4.6 Dodging
 - Level 3.2 Shields
 + Level 4.9 Invocations


You had 12 spell levels left.
You didn't know any spells.
Your spell library contained the following spells:

 Spells                   Type           Power      Damage    Failure   Level
 Sandblast                Erth           0%         2d4       100%        1
 Slow                     Hex            0%         N/A       100%        1
 Ensorcelled Hibernation  Hex/Ice        0%         N/A       100%        2
 Lesser Beckoning         Tloc           0%         N/A       100%        2
 Passwall                 Tmut/Erth      0%         N/A       100%        2
 Confusing Touch          Hex            0%         N/A       100%        3
 Gell's Gravitas          Tloc           0%         N/A       100%        3
 Sigil of Binding         Hex            0%         N/A       100%        3
 Stone Arrow              Conj/Erth      0%         3d7       100%        3
 Swiftness                Air            0%         N/A       100%        3
 Teleport Other           Tloc           0%         N/A       100%        3
 Tukima's Dance           Hex            0%         N/A       100%        3
 Vampiric Draining        Necr           0%         2d6       100%        3
 Brom's Barrelling Bould  Conj/Erth      0%         2d3       100%        4
 Passage of Golubria      Tloc           0%         N/A       100%        4
 Summon Forest            Summ/Tloc      0%         N/A       100%        5
 Summon Mana Viper        Hex/Summ       0%         N/A       100%        5
 Yara's Violent Unravell  Hex/Tmut       0%         3d3       100%        5
 Summon Cactus Giant      Summ           0%         N/A       100%        6


Dungeon Overview and Level Annotations

Branches:
Dungeon (12/15) Zot: 2420    Lair (3/5) D:11 Zot: 1260  Spider (0/4) Lair:3
    Orc (0/2) D:12          IceCv (1/1) Zot: 551
 Temple: D:4-7        Swamp: Lair:2-3    Shoals: Lair:2-3

Altars:
Ashenzari
Cheibriados
Dithmenos
Elyvilon
Gozag
Hepliaklqana
Makhleb
Qazlal
Ru
Trog
Uskayaw
Wu Jian

Annotations:
D:6 Jeremiah


Innate Abilities, Weirdness & Mutations

Your life essence is reduced to manifest your ancestor. (-10% HP)
You passively map the area around you.
You are easily found by Zot.
You glow in the dark.
You regain HP and MP as you explore.


Message History

The polar bear simulacrum barely misses you.
The polar bear simulacrum claws you but does no damage. x2
You hit the polar bear simulacrum.
The polar bear simulacrum is moderately damaged.
You hit the death yak simulacrum. You slash the death yak simulacrum!
The death yak simulacrum is moderately damaged.
You slash the polar bear simulacrum!
You block the polar bear simulacrum's attack.
The polar bear simulacrum claws you but does no damage.
The polar bear simulacrum barely misses you.
The death yak simulacrum barely misses you.
You slash the death yak simulacrum!
The death yak simulacrum is severely damaged.
You slash the polar bear simulacrum!
The polar bear simulacrum vaporises!
You slash the death yak simulacrum!
The death yak simulacrum is almost destroyed.
The death yak simulacrum gores you. The death yak simulacrum freezes you!!
You hit the death yak simulacrum but do no damage.
The death yak simulacrum is almost destroyed.
You hit the death yak simulacrum.
The death yak simulacrum is almost destroyed.
The death yak simulacrum gores you!
* * * LOW HITPOINT WARNING * * *
The death yak simulacrum freezes you!
* * * LOW HITPOINT WARNING * * *
Aiming: Throw Flame
Press: ? - help, Shift-Dir - straight line, f - death yak simulacrum
Aim: a death yak simulacrum (almost destroyed, 100% to hit)
The puff of flame hits the death yak simulacrum!
The death yak simulacrum melts!
The death yak simulacrum vaporises!
You hear a sizzling sound!
You now have 767 gold pieces (gained 28).
N - a sedimented green potion 2 ice statues come into view.
The ice statue gestures at you. The shard of ice hits you!
You die...

* *
##...##
##.....##
#.......#
#.......#
#.......#
#.......#
#8.....8#
####@####
#))...).#
#.......#
#......?#
#.......#
#.......#
##.....##
##...##
##.##


You could see 2 ice statues.

Vanquished Creatures
  Snorg (D:10)
  Fannar (D:11)
  A hydra (Lair:3)
  Erica (Lair:2)
  Erolcha (D:11)
  2 boulder beetles
  A skyshark (Lair:3)
  A black mamba (Lair:2)
  A cane toad (Lair:1)
  A freezing wraith (IceCv)
  A komodo dragon (Lair:3)
  A troll (D:12)
  A meliai (Lair:3)
  5 blink frogs
  Prince Ribbit (Lair:2)
  3 slime creatures (D:12)
  2 shadows
  17 yaks
  2 wyverns
  A basilisk (D:11)
  2 death yak simulacra (IceCv)
  A water moccasin (D:6)
  4 black bears
  2 orc warriors
  2 ice beasts
  2 ogres
  2 centaurs
  A phantom (D:6)
  3 bullfrogs
  A scorpion (D:5)
  A wight (D:8)
  3 killer bees (Lair:3)
  7 orc priests
  A gnoll bouda (D:6)
  5 hounds
  An iguana (D:4)
  10 orc wizards
  2 polar bear simulacra (IceCv)
  10 gnolls
  6 adders
  A shadow imp (D:5)
  5 dart slugs
  34 orcs
  6 ball pythons
  8 endoplasms
  4 giant cockroaches (D:1)
  10 goblins
  9 hobgoblins
  3 jackals (D:4)
  15 kobolds
  3 quokkas
  4 bats
  2 frilled lizards
  6 rats
221 creatures vanquished.

Vanquished Creatures (collateral kills)
  Gastronok (Lair:2)
  A hydra (Lair:3)
  A cane toad (Lair:3)
  Joseph (D:9)
  2 unseen horrors (D:10)
  Psyche (D:11)
  A rime drake (Lair:1)
  A polar bear (Lair:2)
  A troll (D:11)
  3 hornets
  7 blink frogs
  3 slime creatures (D:12)
  3 wyverns
  23 yaks
  A vampire (D:12)
  2 water moccasins
  3 orc warriors
  An ice beast (D:6)
  5 wolves (Lair:1)
  2 kobold brigands
  A bullfrog (D:9)
  2 wights (D:8)
  A killer bee (Lair:3)
  A hound (D:6)
  A gnoll bouda (D:10)
  2 orc priests (D:12)
  4 orc wizards
  2 gnolls
  20 orcs
  A kobold (D:10)
98 creatures vanquished.

Vanquished Creatures (others)
  2 battlemagi
  An orc wizard (D:11)
3 creatures vanquished.

Grand Total: 322 creatures vanquished

Notes
Turn   | Place    | Note
-------+----------+-------------------------------------------
     0 | D:1      | PurpleRed the Meteoran Fighter began the quest for the Orb.
     0 | D:1      | Reached XP level 1. HP: 19/19 MP: 2/2
    16 | D:1      | Reached XP level 2. HP: 19/26 MP: 3/3
    18 | D:1      | Reached skill level 3 in Axes
    62 | D:1      | Reached XP level 3. HP: 33/33 MP: 4/4
   215 | D:2      | Reached skill level 4 in Axes
   223 | D:2      | Found a faded altar of an unknown god.
   258 | D:2      | Reached XP level 4. HP: 40/40 MP: 5/5
   590 | D:2      | Reached XP level 5. HP: 38/46 MP: 6/6
   696 | D:4      | Found a white marble altar of Elyvilon.
   700 | D:4      | Noticed a black bear
   708 | D:4      | Reached skill level 5 in Axes
   851 | D:4      | Killed a black bear
   852 | D:4      | Reached skill level 6 in Axes
   852 | D:4      | Reached XP level 6. HP: 55/55 MP: 7/7
   860 | D:4      | Reached skill level 5 in Fighting
   960 | D:4      | Reached XP level 7. HP: 32/61 MP: 8/8
  1294 | D:3      | Found a sacrificial altar of Ru.
  1294 | D:3      | Found an ornate altar of the Wu Jian Council.
  1295 | D:3      | Found a hazy altar of Hepliaklqana.
  1296 | D:3      | Found a bloodstained altar of Trog.
  1296 | D:3      | Found a stormy altar of Qazlal.
  1296 | D:3      | Found a snail-covered altar of Cheibriados.
  1297 | D:3      | Found a burning altar of Makhleb.
  1297 | D:3      | Found a broken altar of Ashenzari.
  1298 | D:3      | Found a shadowy altar of Dithmenos.
  1299 | D:3      | Found an opulent altar of Gozag.
  1299 | D:3      | Found a hide-covered altar of Uskayaw.
  1313 | D:3      | Became a worshipper of Hepliaklqana the Forgotten
  1430 | D:5      | Entered Level 5 of the Dungeon
  1447 | D:5      | Reached skill level 7 in Axes
  1616 | D:5      | Reached skill level 8 in Axes
  1616 | D:5      | Reached XP level 8. HP: 39/70 MP: 9/9
  1745 | D:5      | Identified the +0 leather armour of the Dice {Stlth+}
  1758 | D:5      | Reached skill level 9 in Axes
  1826 | D:6      | Reached * piety under Hepliaklqana
  1990 | D:6      | Gained mutation: You passively map the area around you.
                  | [Meteoran growth]
  1990 | D:6      | Reached XP level 9. HP: 61/71 MP: 10/10
  2017 | D:6      | Noticed Jeremiah
  2018 | D:6      | Reached skill level 10 in Axes
  2328 | D:8      | Reached skill level 11 in Axes
  2337 | D:8      | Reached ** piety under Hepliaklqana
  2387 | D:8      | Remembered your ancestor Spoon as a battlemage
  2544 | D:9      | Reached skill level 12 in Axes
  2551 | D:9      | Reached XP level 10. HP: 62/81 MP: 11/11
  2585 | D:9      | Noticed Joseph
  2596 | D:9      | Killed Joseph
  2597 | D:9      | Reached skill level 13 in Axes
  2679 | D:9      | Reached skill level 1 in Invocations
  2725 | D:9      | Reached skill level 1 in Dodging
  2783 | D:9      | Identified the +1 sling of Responsibility {drain, MP+9}
  2836 | D:10     | Entered Level 10 of the Dungeon
  2860 | D:9      | Reached *** piety under Hepliaklqana
  3383 | D:10     | Reached **** piety under Hepliaklqana
  3395 | D:10     | Killed an unseen horror
  3417 | D:10     | Reached XP level 11. HP: 80/89 MP: 14/14
  3438 | D:11     | Reached skill level 14 in Axes
  3455 | D:11     | Found a staircase to the Lair.
  3465 | D:11     | Reached skill level 5 in Armour
  3466 | D:11     | Reached skill level 10 in Fighting
  3555 | D:11     | Noticed Psyche
  3560 | D:11     | Killed Psyche
  3645 | D:10     | Paralysed by a hornet for 2 turns
  3681 | D:10     | Reached skill level 15 in Axes
  3776 | D:10     | Noticed Snorg
  3789 | D:10     | Killed Snorg
  3878 | D:11     | Noticed Erolcha
  3888 | D:11     | Killed Erolcha
  3894 | D:11     | Reached XP level 12. HP: 83/97 MP: 16/16
  4019 | D:11     | Noticed a boulder beetle
  4032 | D:11     | Killed a boulder beetle
  4127 | D:12     | Reached skill level 16 in Axes
  4471 | D:12     | Found a staircase to the Orcish Mines.
  4620 | D:11     | Noticed Fannar
  4641 | D:11     | Killed Fannar
  4722 | Lair:1   | Entered Level 1 of the Lair of Beasts
  4725 | Lair:1   | Reached skill level 17 in Axes
  4744 | Lair:1   | Reached ***** piety under Hepliaklqana
  4834 | Lair:1   | Noticed a boulder beetle
  4852 | Lair:1   | Killed a boulder beetle
  4853 | Lair:1   | Reached XP level 13. HP: 32/107 MP: 17/17
  4875 | Lair:2   | Noticed Erica
  4890 | Lair:2   | Killed Erica
  4923 | Lair:2   | Reached skill level 18 in Axes
  5042 | Lair:2   | Noticed Gastronok
  5053 | Lair:2   | Killed Gastronok
  5074 | Lair:2   | Noticed Prince Ribbit
  5090 | Lair:2   | Killed Prince Ribbit
  5104 | Lair:3   | Found a frozen archway.
  5108 | Lair:3   | Reached skill level 19 in Axes
  5125 | Lair:3   | Noticed an eight-headed hydra
  5144 | Lair:3   | Killed an eight-headed hydra
  5212 | Lair:3   | Noticed a four-headed hydra
  5224 | Lair:3   | Killed a four-headed hydra
  5232 | Lair:3   | Found a hole to the Spider Nest.
  5310 | IceCv    | Entered an ice cave
  5349 | IceCv    | HP: 5/109 [death yak simulacrum (15)]
  5362 | IceCv    | Killed from afar by an ice statue

Illustrated notes

Levels and vault maps discovered:
D:1:      tarquinn_simple_flora_water_d, layout_rooms, serial_forest,
          infiniplex_forest_clump_small, infiniplex_forest_end_2,
          infiniplex_forest_end_1, infiniplex_forest_clump_double,
          infiniplex_forest_clump_double, infiniplex_forest_clump_small,
          infiniplex_forest_straight_4, minmay_worlds_worst_comb
D:2:      layout_rooms, serial_bayou, serial_bayou_pond_c, serial_bayou_ford_a,
          serial_bayou_lagoon_b, serial_bayou_pond_d,
          ebering_ecumenical_altar_ruins
D:3:      layout_loops_ring, nicolae_overflows_in_rows, amethyst_killhole
D:4:      layout_basic, elyvilon_altar_5, uniq_eustachio
D:5:      layout_loops_corners
D:6:      layout_basic, minmay_temple_entry_wispy, uniq_jeremiah
D:7:      layout_cave_pods, minmay_joined_circles
D:8:      layout_basic, grunt_tough_drop
D:9:      layout_gridville, amcnicky_mini_rare_corridor_liquid, minivault_23,
          dk_noncrumbling_4, uniq_joseph
D:10:     layout_long_grid, uniq_snorg
D:11:     layout_irregular_city, david_lair_generic, minivault_24,
          dreamdust_deal_with_the_devil, uniq_psyche, uniq_fannar, uniq_erolcha
D:12:     layout_basic, david_orc_5
Lair:1:   layout_roguey
Lair:2:   layout_concentric_octagons, shoals_dummy_entry, uniq_erica,
          uniq_gastronok, uniq_sonja, uniq_prince_ribbit2
Lair:3:   layout_long_grid, hellmonk_spider_entry_not_the_bees,
          portal_ice_cave_entry_pillars_1, worms_lemuel
IceCv:    ice_cave_statue_garden_chambered

Skill      XL: |  1  2  3  4  5  6  7  8  9 10 11 12 13 |
---------------+----------------------------------------+-----
Axes           | 3 4 6 8 9 12 13 15 17 19 | 19.5
Fighting       | 4 5 6 7 8 9 10 12 13 | 13.5
Invocations    | 3 4 |  4.9
Dodging        | 2 4 |  4.6
Armour         | 4 6 |  6.5
Shields        | |  3.2

Action                     |  1- 3 |  4- 6 |  7- 9 | 10-12 | 13-15 || total
---------------------------+-------+-------+-------+-------+-------++-------
  Melee: War axe           |    72 |   101 |   211 |   252 |   129 ||   765
         Flail             |       |       |       |       |    19 ||    19
  Throw: Dart              |       |       |       |     2 |       ||     2
 Invoke: Recall Ancestor   |       |       |     1 |     4 |       ||     5
         Ancestor Life: Ba |       |       |     1 |       |       ||     1
         Ancestor Identity |       |       |     1 |       |       ||     1
  Evoke: Wand              |       |       |     1 |     4 |     3 ||     8
    Use: Scroll            |       |     4 |     9 |     3 |     2 ||    18
         Potion            |       |     1 |     1 |     1 |       ||     3
   Stab: Distracted        |       |       |     2 |     6 |     8 ||    16
         Paralysed         |       |       |       |       |     4 ||     4
 Armour: Scale mail        |    63 |    67 |       |       |       ||   130
         Chain mail        |       |    21 |   187 |   132 |       ||   340
         Plate armour      |       |       |       |   114 |   167 ||   281
  Dodge: Dodged            |    31 |    47 |    81 |    77 |    52 ||   288
  Block: Buckler           |    18 |    20 |    32 |    46 |    35 ||   151

Table legend: (Time is in decaauts)
 A = Elapsed time spent in this place.
 B = Non-inter-level travel time spent in this place.
 C = Inter-level travel time spent in this place.
 D = Time resting spent in this place.
 E = Time spent auto-exploring this place.
 F = Levels seen in this place.
 G = Mean time per level.
                   A        B        C        D        E       F      G
               +--------+--------+--------+--------+--------+-----+--------+
         Total |   5366 |   5366 |      0 |     26 |      0 |  16 |  335.4 |
       Dungeon |   4779 |   4779 |      0 |      0 |      0 |  12 |  398.2 |
          Lair |    539 |    539 |      0 |     26 |      0 |   3 |  179.7 |
      Ice Cave |     47 |     47 |      0 |      0 |      0 |   1 |   47.0 |
               +--------+--------+--------+--------+--------+-----+--------+

Top non-repeatable levels by time:
     D:9: 621 daAuts
     D:4: 552 daAuts
    D:11: 537 daAuts
    D:10: 470 daAuts
    D:12: 451 daAuts
     D:5: 412 daAuts
     D:2: 373 daAuts
     D:6: 321 daAuts
     D:8: 301 daAuts
     D:1: 292 daAuts
     D:3: 285 daAuts
  Lair:3: 191 daAuts
  Lair:2: 191 daAuts
     D:7: 159 daAuts
  Lair:1: 155 daAuts
